 Dungeon Crawl Stone Soup version 0.28-a0-305-g9e858e973b (console) character file.

Game seed: 12020623941780666969

1108 jejorda2 the Conjurer (level 7, 0/58 HPs)
             Began as a Demigod Conjurer on Aug 30, 2021.
             Succumbed to a kobold brigand's curare-tipped dart
             ... in a sewer.
             The game lasted 00:18:35 (5921 turns).

jejorda2 the Conjurer (Demigod Conjurer)            Turns: 5921, Time: 00:18:36

Health: 0/58       AC:  3    Str: 12    XL:     7   Next: 86%
Magic:  9/16       EV: 12    Int: 24    God:
Gold:   187        SH:  6    Dex: 18    Spells: 8/14 levels left

rFire   + . .      SeeInvis .   a - +0 dagger (venom)
rCold   . . .      Faith    .   m - +1 buckler
rNeg    . . .      Spirit   .   u - +0 leather armour {rF+}
rPois   .          Reflect  .   (no helmet)
rElec   .          Harm     .   (no cloak)
rCorr   .          Rampage  .   (no gloves)
Will    .....                   (no boots)
Stlth   ++........              (no amulet)
HPRegen 0.19/turn               r - +6 ring of dexterity
MPRegen 0.15/turn               (no ring)

@: lethally poisoned (0 -> -17), slowed, very slow
A: high mp 1, forlorn
a: no special abilities


You were in a sewer.
You visited 1 branch of the dungeon, and saw 6 of its levels.
You also visited: Sewer.

You collected 187 gold pieces.

Inventory:

Hand Weapons
 a - a +0 dagger of venom (weapon)
 q - a +0 flail
Missiles
 b - 13 poisoned darts (quivered)
Armour
 m - a +1 buckler (worn)
 u - a +0 leather armour of fire resistance (worn)
Jewellery
 r - a +6 ring of dexterity (left hand)
 t - a +6 ring of strength
Wands
 c - a wand of mindburst (5)
Scrolls
 d - a scroll of enchant weapon {unknown}
 e - 2 scrolls of fog {unknown}
 f - 2 scrolls of amnesia {unknown}
 g - 5 scrolls of identify {unknown}
 i - a scroll of torment {unknown}
 p - a scroll of brand weapon {unknown}
Potions
 j - 3 potions of haste {unknown}
 k - a potion of flight {unknown}
 s - a potion of curing {unknown}
 v - a potion of magic {unknown}
 w - a potion of lignification {unknown}


   Skills:
 + Level 3.9 Fighting
 - Level 1.7 Dodging
 - Level 1.7 Stealth
 - Level 4.0 Shields
 + Level 4.1 Spellcasting
 + Level 5.5 Conjurations
 + Level 2.0 Hexes


You had 8 spell levels left.
You knew the following spells:

 Your Spells              Type           Power      Damage    Failure   Level
a - Magic Dart            Conj           100%       1d8       1%          1
b - Searing Ray           Conj           62%        3d5       1%          2
c - Dazzling Flash        Conj/Hex       46%        N/A       8%          3

Your spell library contained the following spells:

 Spells                   Type           Power      Damage    Failure   Level
 Pain                     Necr           16%        1d4       12%         1
 Fulminant Prism          Conj/Hex       11%        3d9       26%         4
 Iskenderun's Mystic Bla  Conj/Tloc      18%        2d6       36%         4
 Agony                    Necr           4%         N/A       98%         5
 Excruciating Wounds      Necr           2%         N/A       98%         5


Dungeon Overview and Level Annotations

Branches:
Dungeon (6/15)             Temple (0/1) D:4           Sewer (1/1)

Annotations:
D:3 Grinder


Innate Abilities, Weirdness & Mutations

Your attributes grow dramatically as you level up.
You have an increased reservoir of magic. (+10% MP)
You shall have no god before yourself.


Message History

The kobold brigand is moderately wounded.
You feel very sick.
Casting: Magic Dart (safe; 1% risk of failure)
Confirm with . or Enter, or press ? or * to list all spells.
Aiming: Magic Dart (safe; 1% risk of failure)
Press: ? - help, Shift-Dir - straight line, f/p - kobold brigand
Aim: a kobold brigand, wielding a +0 club and quivering curare-tipped darts (moderately wounded, 100% to hit)
The magic dart hits the kobold brigand.
The kobold brigand is moderately wounded.
You feel sick.
The kobold brigand throws a curare-tipped dart.
The curare-tipped dart hits you.
You are more poisoned.
You have difficulty breathing.
You feel as though you will be slow longer.
Unknown command.
Casting: Magic Dart (safe; 1% risk of failure)
Confirm with . or Enter, or press ? or * to list all spells.
Aiming: Searing Ray (safe; 1% risk of failure)
Press: ? - help, Shift-Dir - straight line, f - kobold, p - kobold brigand
Aim: a kobold, wielding a +0 short sword (74% to hit)
The searing ray hits the kobold brigand but does no damage.
The kobold brigand is moderately wounded.
The searing ray hits the kobold.
You kill the kobold! (Press . to maintain the ray.)
You feel very sick.
The kobold brigand throws a curare-tipped dart.
The curare-tipped dart hits you.
You are more poisoned.
You have difficulty breathing.
You feel as though you will be slow longer.
The searing ray misses the kobold brigand.
* * * LOW HITPOINT WARNING * * *
You feel extremely sick.
The kobold brigand hits you with a +0 club!
* * * LOW HITPOINT WARNING * * *
Unknown command.
The searing ray misses the kobold brigand.
You die...

##### ##...##
..#####≈...≈####
.!≈.).K≈...≈≈≈≈≈
#@....# ##.≈≈## ##†##
#≈# #≈# ##### ##≈##
##≈..## ##≈.≈##
#....≈####.≈≈..#####
#.≈...≈≈≈≈..≈≈≈≈≈≈≈≈≈


You could see a kobold brigand.

Vanquished Creatures
  Menkaure (D:5)
  Edmund (D:5)
  An ice beast (D:5)
  A black bear (D:6)
  An ogre (D:4)
  A kobold brigand (D:5)
  A phantom (D:5)
  A scorpion (D:5)
  3 hounds (D:4)
  Ijyb (D:5)
  A gnoll shaman (D:4)
  An iguana (D:5)
  An orc wizard (D:4)
  A hound skeleton (D:4)
  4 gnolls
  A howler monkey skeleton (D:3)
  4 adders
  A river rat (Sewer)
  4 worms
  8 orcs (D:4)
  6 bats
  5 endoplasms
  5 giant cockroaches
  4 goblins
  11 hobgoblins
  8 jackals
  3 quokkas
  6 ball pythons
  3 frilled lizards
  13 kobolds
  A quokka skeleton (D:4)
  11 rats
114 creatures vanquished.

Notes
Turn   | Place    | Note
-------+----------+-------------------------------------------
     0 | D:1      | jejorda2 the Demigod Conjurer began the quest for the Orb.
     0 | D:1      | Reached XP level 1. HP: 14/14 MP: 5/5
   485 | D:1      | Reached XP level 2. HP: 22/22 MP: 5/7
   773 | D:1      | Reached skill level 1 in Fighting
  1098 | D:1      | Learned a level 2 spell: Searing Ray
  1333 | D:2      | Reached XP level 3. HP: 28/28 MP: 6/9
  1336 | D:2      | Reached skill level 4 in Conjurations
  2508 | D:3      | Noticed Grinder
  2694 | D:4      | Reached XP level 4. HP: 36/36 MP: 6/10
  2733 | D:4      | Found a staircase to the Ecumenical Temple.
  2751 | D:4      | Reached skill level 1 in Shields
  3272 | D:4      | Reached XP level 5. HP: 38/41 MP: 10/12
  3518 | D:4      | Noticed an ogre
  3525 | D:4      | Killed an ogre
  3742 | D:4      | Reached XP level 6. HP: 46/50 MP: 7/13
  3829 | D:5      | Entered Level 5 of the Dungeon
  3829 | D:5      | Noticed Edmund
  3849 | D:5      | Noticed Menkaure
  3854 | D:5      | Killed Menkaure
  3855 | D:5      | Noticed Ijyb
  4161 | D:5      | Killed Ijyb
  4484 | D:5      | Reached skill level 5 in Conjurations
  4484 | D:5      | Reached XP level 7. HP: 57/57 MP: 6/15
  4572 | D:5      | Learned a level 3 spell: Dazzling Flash
  4954 | D:5      | Killed Edmund
  4955 | D:5      | Reached skill level 1 in Hexes
  5316 | D:5      | Identified the +0 chain mail of the Secret Knaves {Harm
                  | rF+}
  5742 | D:6      | Found a glowing drain.
  5746 | Sewer    | Entered a sewer
  5921 | Sewer    | Succumbed to a kobold brigand's curare-tipped dart

Illustrated notes

Levels and vault maps discovered:
D:1:      tarquinn_simple_flora_water_f, layout_basic,
          hellmonk_ecumenical_altar_arch_garden, minmay_worlds_worst_comb
D:2:      layout_basic, st_stairs_11, columned_hall_lemuel
D:3:      layout_rooms, due_unseen_surprise, uniq_crazy_yiuf_cottage,
          uniq_grinder, uniq_natasha
D:4:      layout_rooms, minmay_temple_entry_waves, cheibrodos_gnoll_hut
D:5:      layout_cave_pods, good_gods_temple_1, mainiacjoe_overflow_two_lobes,
          uniq_edmund, uniq_ijyb, uniq_menkaure
D:6:      layout_loops_corners, cheibrodos_ashenzari_chains,
          kennysheep_okawaru_gauntlet, gup_sewer_entry_bowl, uniq_maggie
Sewer:    sewer_co_15_rooms

Skill      XL: |  1  2  3  4  5  6  7 |
---------------+----------------------+-----
Spellcasting   | 2 3 4 |  4.1
Fighting       | 1 2 3 |  3.9
Conjurations   | 4 5 |  5.5
Shields        | 1 2 3 4 |  4.0
Hexes          | 2 |  2.0
Dodging        | |  1.7
Stealth        | |  1.7

Action                   |  1- 3 |  4- 6 |  7- 9 || total
-------------------------+-------+-------+-------++-------
Melee: Spear             |    28 |       |       ||    28
       Dagger            |    22 |    77 |    14 ||   113
Throw: Dart              |       |       |     7 ||     7
 Cast: Magic Dart        |    86 |    47 |    21 ||   154
       Searing Ray       |     1 |    12 |    11 ||    24
       Dazzling Flash    |       |       |     4 ||     4
  Use: Scroll            |       |       |     5 ||     5
 Stab: Sleeping          |     1 |       |       ||     1
       Distracted        |     1 |       |       ||     1
       Invisible         |       |       |     2 ||     2
Armor: Robe              |    12 |     8 |       ||    20
       Leather armour    |       |     8 |     1 ||     9
Dodge: Dodged            |    37 |    69 |     9 ||   115
Block: Buckler           |       |       |     2 ||     2

Table legend: (Time is in decaauts)
 A = Elapsed time spent in this place.
 B = Non-inter-level travel time spent in this place.
 C = Inter-level travel time spent in this place.
 D = Time resting spent in this place.
 E = Time spent auto-exploring this place.
 F = Levels seen in this place.
 G = Mean time per level.
                   A        B        C        D        E       F      G
               +--------+--------+--------+--------+--------+-----+--------+
         Total |   5949 |   5720 |    229 |    860 |   4019 |   7 |  849.9 |
       Dungeon |   5756 |   5527 |    229 |    834 |   3916 |   6 |  959.3 |
         Sewer |    192 |    192 |      0 |     26 |    103 |   1 |  192.0 |
               +--------+--------+--------+--------+--------+-----+--------+

Top non-repeatable levels by time:
     D:4: 1690 daAuts
     D:5: 1283 daAuts
     D:2: 1276 daAuts
     D:1: 1230 daAuts
   Sewer: 192 daAuts
     D:3: 168 daAuts
     D:6: 106 daAuts
